 Dungeon Crawl Stone Soup version 0.21.1-1-g345015f (webtiles) character file.

227 inc the Digger (level 6, -11/36 HPs)
             Began as an Octopode Earth Elementalist on Mar 16, 2018.
             Mangled by Duvessa
             ... wielding a +0 short sword
              (18 damage)
             ... on level 4 of the Dungeon.
             The game lasted 00:06:51 (3843 turns).

inc the Digger (Octopode Earth Elementalist)        Turns: 3843, Time: 00:06:51

Health: -11/36     AC:  1    Str:  8    XL:     6   Next: 2%
Magic:  1/9        EV: 13    Int: 19    God:
Gold:   139        SH:  0    Dex: 12    Spells: 8/9 levels left

rFire    . . .     SeeInvis .   (no weapon)
rCold    . . .     Gourm    .   (no shield)
rNeg     . . .     Faith    .   (helmet restricted)
rPois    .         Spirit   .   (no amulet)
rElec    .         Reflect  .   (no ring)
rCorr    .         Harm     .   (no ring)
MR       .....                  (no ring)
Stlth    +++.......             (no ring)
HPRegen  0.12/turn              (no ring)
MPRegen  0.11/turn              (no ring)
                                (no ring)
                                (no ring)

@: hasted, very quick
A: almost no armour, stealthy swim, amphibious, 8 rings, constrict 8, camouflage
1, gelatinous body 1
a: no special abilities


You were on level 4 of the Dungeon.
You were hungry.

You visited 1 branch of the dungeon, and saw 4 of its levels.

You collected 139 gold pieces.

Inventory:

Missiles
 b - 53 stones (quivered)
Jewellery
 m - an uncursed ring of loudness
 n - an uncursed ring of teleportation
Wands
 p - a wand of polymorph (10)
Scrolls
 a - a scroll of enchant weapon {unknown}
 e - a scroll of identify
 h - a scroll of enchant armour {unknown}
 l - a scroll of fog {unknown}
Potions
 f - a potion of curing
 g - a potion of degeneration
 i - 2 potions of mutation
 j - a potion of ambrosia
 o - a potion of haste
Books
 d - a book of Geomancy

   Spells                             Type                      Level
   a - Sandblast                      Earth                        1
   b - Passwall                       Transmutation/Earth          2
   c - Stone Arrow                    Conjuration/Earth            3
   d - Petrify                        Transmutation/Earth          4
   e - Lee's Rapid Deconstruction     Earth                        5
Comestibles
 c - 4 rations


   Skills:
 - Level 2.0 Dodging
 - Level 2.6 Stealth
 - Level 2.0 Spellcasting
   Level 1.0 Transmutations
 + Level 6.5 Earth Magic


You had 8 spell levels left.
You knew the following spells:

 Your Spells              Type           Power        Failure   Level  Hunger
a - Sandblast             Erth           ####..       1%          1    #......


Dungeon Overview and Level Annotations

Branches:
Dungeon (4/15)
 Temple: D:4-7

Altars:
Hepliaklqana
The Shining One

Annotations:
D:3 inc's ghost, weakling OpEE
D:4 Blork the orc; Duvessa


Innate Abilities, Weirdness & Mutations

You cannot wear most types of armour.
You are very stealthy in the water. (Stealth+)
You are amphibious.
You can wear up to eight rings at the same time.
You can use your tentacles to constrict eight enemies at once.
Your skin changes colour to match your surroundings (Stealth+).
Your rubbery body absorbs attacks. (AC +1, EV +1)


Message History

Confirm with . or Enter, or press ? or * to list all spells.
Aiming: Sandblast
Press: ? - help, Shift-Dir - straight line, f/p - Duvessa
Aim: Duvessa, wielding a short sword and wearing a leather armour (heavily wounded, berserk, fast, unusually strong)
The blast of sand hits Duvessa.
Duvessa is severely wounded.
b - 54 stones Duvessa hits you with a short sword.
* * * LOW HITPOINT WARNING * * *
Casting: Sandblast
Confirm with . or Enter, or press ? or * to list all spells.
Aiming: Sandblast
Press: ? - help, Shift-Dir - straight line, f/p - Duvessa
Aim: Duvessa, wielding a short sword and wearing a leather armour (severely wounded, berserk, fast, unusually strong)
The blast of sand hits Duvessa.
Duvessa is severely wounded.
b - 53 stones Duvessa hits you with a short sword!!
Ouch! That really hurt!
You die...

.# .# #.# ..# .)#
### ..# #.#
#####..# #######.#
#.?@eo.# #.......#
#.####.# #.......#
#.# # #.......###.#
#...........####.#
#......#####.....#
#.......# #.#####
#....[..# #.#
#.......####.######


You could see Duvessa (berserk) and Blork the orc.

Vanquished Creatures
  Dowan (D:4)
  An orc priest (D:3)
  3 gnolls (D:4)
  4 adders
  A worm (D:2)
  2 dart slugs
  2 leopard geckos (D:3)
  11 orcs
  3 giant cockroaches
  10 goblins
  10 hobgoblins
  4 jackals (D:1)
  6 kobolds
  2 bats (D:3)
  3 frilled lizards
  4 rats
67 creatures vanquished.

Notes
Turn   | Place    | Note
-------+----------+-------------------------------------------
     0 | D:1      | inc the Octopode Earth Elementalist began the quest for the Orb.
     0 | D:1      | Reached XP level 1. HP: 11/11 MP: 3/3
   288 | D:1      | Reached XP level 2. HP: 10/17 MP: 0/5
   930 | D:1      | Reached skill level 4 in Earth Magic
   990 | D:1      | Found a glowing golden altar of the Shining One.
  1089 | D:2      | Reached XP level 3. HP: 18/21 MP: 6/6
  2431 | D:3      | Reached XP level 4. HP: 27/27 MP: 7/7
  2473 | D:3      | Noticed inc's ghost (weakling OpEE)
  2824 | D:3      | Reached skill level 5 in Earth Magic
  3400 | D:3      | Reached XP level 5. HP: 20/31 MP: 1/8
  3630 | D:3      | Found a hazy altar of Hepliaklqana.
  3681 | D:4      | Reached skill level 6 in Earth Magic
  3828 | D:4      | Noticed Dowan
  3832 | D:4      | Noticed Blork the orc
  3833 | D:4      | Noticed Duvessa
  3833 | D:4      | Killed Dowan
  3833 | D:4      | Reached XP level 6. HP: 36/36 MP: 6/9
  3843 | D:4      | Mangled by Duvessa

Skill      XL: |  1  2  3  4  5 |
---------------+----------------+-----
Earth Magic    | 4 5 6 |  6.5
Dodging        | |  2.0
Stealth        | |  2.6
Spellcasting   | |  2.0
Transmutations | |  1.0

Action                   |  1- 3 |  4- 6 || total
-------------------------+-------+-------++-------
Melee: Unarmed           |    78 |    55 ||   133
       Constrict         |    21 |    13 ||    34
       Tentacles         |    10 |     5 ||    15
 Cast: Sandblast         |    23 |    52 ||    75
  Use: Scroll            |     6 |       ||     6
       Potion            |       |     3 ||     3
 Stab: Sleeping          |     7 |     4 ||    11
  Eat: Chunk             |     2 |     4 ||     6
       Ration            |     1 |       ||     1
Armor: Skin              |     4 |    12 ||    16
Dodge: Dodged            |    45 |    51 ||    96
